2748 views
Uploaded 2020-02-08 17:29:31
Game version 1.32 / 1.32.1
10:08 long 2on2 ladder game on (4)SynergyBigPaved
Saved by iggythefisk
2748 views
Uploaded 2020-02-08 17:29:31
Game version 1.32 / 1.32.1
10:08 long 2on2 ladder game on (4)SynergyBigPaved


42 units @ 6k
/ 1k
19 buildings @ 3.4k
/ 1.3k


| Rod of Necromancy | 1 | 150 |
| Ritual Dagger | 1 | 125 |
| total: | 2 | 275g |
| Acolyte | 2 | 150 | / | 0 |
| Ghoul | 2 | 240 | / | 0 |
| Crypt Fiend | 10 | 2150 | / | 400 |
| Obsidian Statue | 1 | 200 | / | 35 |
| total: | 15 | 2740g | / | 435w |
| Nerubian Tower | 1 | 100 | / | 20 |
| Crypt | 1 | 200 | / | 50 |
| Ziggurat | 4 | 600 | / | 200 |
| Altar of Darkness | 1 | 180 | / | 50 |
| Graveyard | 1 | 215 | / | 0 |
| Tomb of Relics | 1 | 130 | / | 30 |
| Slaughterhouse | 1 | 140 | / | 135 |
| Halls of the Dead | 1 | 320 | / | 210 |
| Black Citadel | 1 | 325 | / | 230 |
| total: | 9 | 1465g | / | 465w |
| 0:03 | Acolyte |
| 0:03 | Acolyte |
| 0:06 | Crypt |
| 0:13 | Ziggurat |
| 0:25 | Altar of Darkness |
| 0:49 | Graveyard |
| 1:03 | Tomb of Relics |
| 1:12 | Ghoul |
| 1:28 | Ghoul |
| 1:39 | Ziggurat |
| 2:11 | Crypt Fiend |
| 2:26 | Rod of Necromancy |
| 2:28 | Death Coil |
| 2:32 | Nerubian Tower |
| 2:47 | Crypt Fiend |
| 3:22 | Crypt Fiend |
| 3:44 | Ziggurat |
| 3:48 | Crypt Fiend |
| 4:29 | Ritual Dagger |
| 4:36 | Halls of the Dead |
| 4:47 | Creature Attack |
| 5:06 | Unholy Aura |
| 5:26 | Crypt Fiend |
| 5:53 | Crypt Fiend |
| 6:04 | Ziggurat |
| 6:53 | Crypt Fiend |
| 7:27 | Death Coil |
| 7:31 | Crypt Fiend |
| 7:32 | Slaughterhouse |
| 8:08 | Frost Nova |
| 8:20 | Improved Creature Attack |
| 8:21 | Crypt Fiend |
| 8:40 | Obsidian Statue |
| 9:19 | Black Citadel |
| 9:44 | Crypt Fiend |
| 9:47 | Frost Armor |
| 9:53 | Unholy Aura |
| Right click | 591 |
| Assign group | 331 |
| Select group | 311 |
| Select | 147 |
| Build/train/purchase | 34 |
| Use ability | 16 |
| Misc. action | 12 |
| Chat | 7 |
| Resource trade | 4 |


| Rod of Necromancy | 1 | 150 |
| total: | 1 | 150g |
| Wisp | 15 | 900 | / | 0 |
| Archer | 6 | 780 | / | 60 |
| Druid of the Claw | 6 | 1530 | / | 480 |
| total: | 27 | 3210g | / | 540w |
| Altar of Elders | 1 | 180 | / | 50 |
| Moon Well | 4 | 720 | / | 160 |
| Ancient of War | 1 | 150 | / | 60 |
| Tree of Life | 1 | 340 | / | 185 |
| Hunter's Hall | 1 | 210 | / | 100 |
| Ancient of Lore | 2 | 310 | / | 290 |
| Tree of Ages | 1 | 320 | / | 180 |
| Tree of Eternity | 1 | 330 | / | 200 |
| total: | 10 | 1910g | / | 845w |
| 0:01 | Wisp |
| 0:04 | Altar of Elders |
| 0:11 | Wisp |
| 0:16 | Moon Well |
| 0:18 | Wisp |
| 0:32 | Wisp |
| 0:51 | Ancient of War |
| 0:53 | Wisp |
| 1:09 | Wisp |
| 1:15 | Wisp |
| 1:29 | Wisp |
| 1:42 | Moon Well |
| 1:49 | Wisp |
| 1:51 | Archer |
| 2:05 | Entangling Roots |
| 2:44 | Tree of Ages |
| 3:05 | Archer |
| 3:19 | Archer |
| 3:57 | Archer |
| 4:06 | Tree of Life |
| 4:10 | Archer |
| 4:18 | Thorns Aura |
| 4:27 | Rod of Necromancy |
| 4:31 | Moon Well |
| 4:32 | Hunter's Hall |
| 4:54 | Archer |
| 5:28 | Frost Arrows |
| 5:32 | Wisp |
| 5:40 | Ancient of Lore |
| 5:49 | Entangling Roots |
| 6:01 | Ancient of Lore |
| 7:01 | Druid of the Claw Adept Training |
| 7:02 | Tree of Eternity |
| 7:03 | Druid of the Claw |
| 7:11 | Forked Lightning |
| 8:05 | Wisp |
| 8:05 | Wisp |
| 8:05 | Wisp |
| 8:06 | Wisp |
| 8:06 | Wisp |
| 8:11 | Druid of the Claw |
| 8:16 | Druid of the Claw |
| 8:50 | Druid of the Claw |
| 8:55 | Moon Well |
| 9:15 | Druid of the Claw |
| 9:35 | Thorns Aura |
| 9:41 | Frost Arrows |
| 10:06 | Druid of the Claw Master Training |
| 10:06 | Druid of the Claw |
| Right click | 665 |
| Select | 405 |
| Select group | 319 |
| Assign group | 63 |
| Build/train/purchase | 47 |
| Use ability | 22 |
| Minimap ping | 11 |
| Resource trade | 4 |
| Misc. action | 2 |
| Item give/drop | 1 |
/ 0.3k
20 buildings @ 3.6k
/ 1.1k

| Wisp | 11 | 660 | / | 0 |
| Archer | 7 | 910 | / | 70 |
| Huntress | 4 | 780 | / | 80 |
| total: | 22 | 2350g | / | 150w |
| Altar of Elders | 1 | 180 | / | 50 |
| Moon Well | 6 | 1080 | / | 240 |
| Ancient of War | 1 | 150 | / | 60 |
| Hunter's Hall | 2 | 420 | / | 200 |
| Ancient of Wonders | 1 | 90 | / | 30 |
| Tree of Ages | 1 | 320 | / | 180 |
| total: | 11 | 1920g | / | 580w |
| 0:07 | Altar of Elders |
| 0:09 | Moon Well |
| 0:11 | Wisp |
| 0:11 | Wisp |
| 0:12 | Wisp |
| 0:31 | Wisp |
| 0:31 | Wisp |
| 1:09 | Ancient of War |
| 1:32 | Moon Well |
| 1:40 | Wisp |
| 1:41 | Wisp |
| 2:05 | Moon Well |
| 2:12 | Mana Burn |
| 2:15 | Archer |
| 2:16 | Archer |
| 2:16 | Archer |
| 2:39 | Archer |
| 3:28 | Hunter's Hall |
| 3:47 | Tree of Ages |
| 3:55 | Hunter's Hall |
| 4:13 | Archer |
| 4:13 | Archer |
| 4:13 | Archer |
| 4:32 | Ancient of Wonders |
| 5:17 | Moon Well |
| 5:34 | Evasion |
| 6:02 | Moon Well |
| 6:27 | Moon Well |
| 6:38 | Huntress |
| 7:31 | Huntress |
| 8:18 | Huntress |
| 8:19 | Huntress |
| 8:22 | Wisp |
| 8:22 | Wisp |
| 8:23 | Wisp |
| 8:23 | Wisp |
| 10:01 | Mana Burn |
| Right click | 266 |
| Select | 158 |
| Select group | 36 |
| Build/train/purchase | 28 |
| Assign group | 11 |
| Use ability | 9 |


| Wisp | 10 | 600 | / | 0 |
| Archer | 18 | 2340 | / | 180 |
| total: | 28 | 2940g | / | 180w |
| Altar of Elders | 1 | 180 | / | 50 |
| Moon Well | 5 | 900 | / | 200 |
| Ancient of War | 2 | 300 | / | 120 |
| Tree of Life | 1 | 340 | / | 185 |
| Tree of Ages | 2 | 640 | / | 360 |
| total: | 9 | 1720g | / | 555w |
| 0:05 | Altar of Elders |
| 0:13 | Wisp |
| 0:13 | Wisp |
| 0:18 | Moon Well |
| 0:40 | Ancient of War |
| 0:42 | Wisp |
| 0:56 | Wisp |
| 1:18 | Wisp |
| 1:20 | Wisp |
| 1:23 | Wisp |
| 1:39 | Moon Well |
| 1:44 | Archer |
| 2:04 | Wisp |
| 2:11 | Archer |
| 2:19 | Immolation |
| 2:45 | Archer |
| 3:02 | Tree of Ages |
| 3:04 | Archer |
| 3:13 | Moon Well |
| 3:24 | Archer |
| 3:57 | Archer |
| 4:02 | Ancient of War |
| 4:12 | Moon Well |
| 4:25 | Archer |
| 4:43 | Archer |
| 4:57 | Evasion |
| 5:07 | Archer |
| 5:08 | Archer |
| 5:38 | Tree of Life |
| 5:57 | Wisp |
| 5:58 | Wisp |
| 7:07 | Archer |
| 7:07 | Archer |
| 7:32 | Trueshot Aura |
| 7:37 | Archer |
| 7:38 | Archer |
| 8:04 | Archer |
| 8:05 | Archer |
| 8:23 | Archer |
| 8:24 | Archer |
| 8:44 | Moon Well |
| 9:36 | Mana Burn |
| Right click | 170 |
| Select | 159 |
| Build/train/purchase | 42 |
| Select group | 9 |
| Use ability | 7 |
| Assign group | 4 |
| Minimap ping | 2 |
| Remove unit | 1 |
⇛